 Dungeon Crawl Stone Soup version 0.22.1-1-ga44c0e5 (webtiles) character file.

357 dohliylev the Cutter (level 6, -2/41 HPs)
             Began as a Vampire Enchanter on Sept 26, 2018.
             Killed by divine providence
             ... invoked by an orc priest
              (14 damage)
             ... on level 4 of the Dungeon on Sept 27, 2018.
             The game lasted 00:12:30 (2270 turns).

dohliylev the Cutter (Vampire Enchanter)            Turns: 2270, Time: 00:12:30

Health: -2/41      AC:  4    Str:  7    XL:     6   Next: 37%
Magic:  2/9        EV: 12    Int: 20    God:
Gold:   175        SH:  0    Dex: 14    Spells: 3/9 levels left

rFire    . . .     SeeInvis +   q - +2 dagger (venom)
rCold    . . .     Gourm    .   (no shield)
rNeg     . . .     Faith    .   b - +0 robe
rPois    .         Spirit   .   (no helmet)
rElec    .         Reflect  .   i - +0 cloak
rCorr    .         Harm     .   (no gloves)
MR       .....                  p - +0 pair of boots
Stlth    +++.......             (no amulet)
HPRegen  0.33/turn              (no ring)
MPRegen  0.11/turn              (no ring)

@: regenerating quickly
A: fangs 3, see invisible, unbreathing
a: no special abilities


You were on level 4 of the Dungeon.
You were very full.

You visited 1 branch of the dungeon, and saw 4 of its levels.

You collected 175 gold pieces.

Inventory:

Hand Weapons
 q - a +2 dagger of venom (weapon)
Armour
 b - a +0 robe (worn)
 i - a +0 cloak (worn)
 p - a +0 pair of boots (worn)
Scrolls
 a - a scroll of blinking
 c - 3 scrolls of remove curse
 e - 2 scrolls of magic mapping
 f - a scroll of random uselessness {unknown}
 g - 2 scrolls of immolation {unknown}
 j - a scroll of fog {unknown}
 k - 5 scrolls of identify {unknown}
 m - a scroll of teleportation {unknown}
 n - 2 scrolls of enchant weapon {unknown}
Potions
 d - 23 potions of blood
 h - a potion of flight {unknown}
 l - a potion of cancellation
 o - 2 potions of invisibility {unknown}
 r - a potion of might {unknown}
 s - a potion of curing {unknown}


   Skills:
 + Level 6.6 Short Blades
 - Level 2.1 Dodging
 - Level 6.0 Stealth
 - Level 2.0 Spellcasting
 - Level 4.4 Hexes


You had 3 spell levels left.
You knew the following spells:

 Your Spells              Type           Power        Failure   Level  Hunger
a - Corona                Hex            ###....      2%          1    #......
b - Ensorcelled Hibernat  Hex/Ice        ##....       10%         2    ##.....
c - Confuse               Hex            ###.....     8%          3    ###....

Your spell library contained the following spells:

 Spells                   Type           Power        Failure   Level  Hunger
 Tukima's Dance           Hex            ###.....     8%          3    ###....
 Dazzling Spray           Conj/Hex       ##....       19%         3    ###....


Dungeon Overview and Level Annotations

Branches:
Dungeon (4/15)
 Temple: D:4-7

Altars:


Innate Abilities, Weirdness & Mutations

Your natural rate of healing is unusually fast.
You have razor-sharp teeth.
You have supernaturally acute eyesight. (SInv)
You can survive without breathing.


Message History

Beogh smites you!
* * * LOW HITPOINT WARNING * * *
Found 13 poisoned needles.
Found a club.
Your magical contamination has completely faded away.
Casting: Ensorcelled Hibernation (safe; 10% risk of failure)
Confirm with . or Enter, or press ? or * to list all spells.
Aiming: Ensorcelled Hibernation (safe; 10% risk of failure)
Press: ? - help, Shift-Dir - straight line, f/p - orc priest
Aim: an orc priest, wielding a trident (chance to defeat MR: 41%)
The orc looks drowsy...
The orc hits you but does no damage.
Casting: Ensorcelled Hibernation (safe; 10% risk of failure)
Confirm with . or Enter, or press ? or * to list all spells.
Aiming: Ensorcelled Hibernation (safe; 10% risk of failure)
Press: ? - help, Shift-Dir - straight line, f/p - orc priest
Aim: an orc priest, wielding a trident (chance to defeat MR: 41%)
The orc resists with almost no effort.
The orc priest calls down the wrath of Beogh upon you.
Beogh smites you!
You die...

#. #.. #. #...###.#
.....#..# .........
.# #...... ## ##.#
#..... ######.##
##..# #.....
#......@####...#
#.....
###..###o.#).#..#
##.... #
##o..###..###....
###...###...#....
#(......##.......
.....##o.....##....
......
###...####...
...... ##..# #....
...... ....###..##


You could see an orc priest and 2 orcs.

Vanquished Creatures
  An ogre (D:4)
  2 orc wizards
  A worker ant (D:3)
  A gnoll (D:1)
  7 adders
  An ooze (D:1)
  A worm (D:2)
  4 dart slugs
  5 leopard geckos
  11 orcs
  9 bats
  2 giant cockroaches
  10 goblins
  9 hobgoblins
  7 jackals
  9 frilled lizards
  7 kobolds
  9 rats
96 creatures vanquished.

Vanquished Creatures (others)
  4 toadstools (D:1)
4 creatures vanquished.

Grand Total: 100 creatures vanquished

Notes
Turn   | Place    | Note
-------+----------+-------------------------------------------
     0 | D:1      | dohliylev the Vampire Enchanter began the quest for the
                  | Orb.
     0 | D:1      | Reached XP level 1. HP: 13/13 MP: 3/3
    64 | D:1      | Reached skill level 5 in Stealth
    64 | D:1      | Reached XP level 2. HP: 12/19 MP: 5/5
    68 | D:1      | Learned a level 2 spell: Ensorcelled Hibernation
   286 | D:1      | Reached XP level 3. HP: 24/24 MP: 6/6
   880 | D:2      | Reached XP level 4. HP: 30/30 MP: 7/7
   932 | D:2      | Learned a level 3 spell: Confuse
  1400 | D:3      | Reached XP level 5. HP: 32/35 MP: 0/8
  1585 | D:3      | Reached skill level 5 in Short Blades
  2124 | D:4      | Noticed an ogre
  2156 | D:4      | Killed an ogre
  2156 | D:4      | Reached XP level 6. HP: 34/41 MP: 2/9
  2270 | D:4      | Killed from afar by an orc priest

Skill      XL: |  1  2  3  4  5 |
---------------+----------------+-----
Stealth        | 5 6 |  6.0
Short Blades   | 3 4 6 |  6.6
Dodging        | |  2.1
Spellcasting   | |  2.0
Hexes          | |  4.4

Action                   |  1- 3 |  4- 6 || total
-------------------------+-------+-------++-------
Melee: Dagger            |    76 |   132 ||   208
       Bite              |     2 |     3 ||     5
 Cast: Corona            |     1 |       ||     1
       Ensorcelled Hiber |    16 |    39 ||    55
  Use: Scroll            |       |     4 ||     4
       Potion            |       |     5 ||     5
 Stab: Sleeping          |    24 |    27 ||    51
  Eat: Corpse            |    10 |     5 ||    15
Armor: Robe              |    26 |    46 ||    72
Dodge: Dodged            |    31 |   103 ||   134
